 Dungeon Crawl Stone Soup version 0.20-a0-731-gecde0bf (webtiles) character file.

544 Alarkh the Slasher (level 7, -3/55 HPs)
             Began as a Mummy Monk on Feb 22, 2017.
             Was a Follower of Okawaru.
             Slain by a mummy (14 damage)
             ... in an ossuary.
             The game lasted 00:07:37 (5808 turns).

Alarkh the Slasher (Mummy Monk)                     Turns: 5808, Time: 00:07:37

Health: -3/55      AC:  9    Str: 15    XL:     7   Next: 6%
Magic:  5/7        EV: 18    Int: 11    God:    Okawaru [*.....]
Gold:   237        SH:  0    Dex: 14    Spells: 6/6 levels left

rFire    x . .     SeeInvis .   a - +0 long sword
rCold    + + .     Gourm    .   b - +0 robe
rNeg     + + +     Faith    .   (no shield)
rPois    ∞         Spirit   .   j - +2 helmet
rElec    .         Reflect  .   (no cloak)
rCorr    .         Harm     .   l - +0 pair of gloves
MR       .....                  d - +1 pair of boots {Stlth+}
Stlth    ++++......             (no amulet)
Regen    0.2/turn               m - ring of protection from cold
MPRegen  0.1/turn               h - ring of flight

@: heroism
A: no food or potions, fire vulnerability, cold resistance 1, negative energy
resistance 3, torment resistance, unbreathing
a: Heroism, Renounce Religion, Evoke Flight


You were in an ossuary.
You worshipped Okawaru.
Okawaru was aware of your devotion.
You were not hungry.

You visited 2 branches of the dungeon, and saw 7 of its levels.
You also visited: Ossuary.

You collected 237 gold pieces.

Inventory:

Hand Weapons
 a - a +0 long sword (weapon)
 k - a +0 falchion
Armour
 b - a +0 robe (worn)
 d - a +1 pair of boots of stealth (worn)
 j - a +2 helmet (worn)
 l - a +0 pair of gloves (worn)
Jewellery
 h - a ring of flight (left hand)
 m - a ring of protection from cold (right hand)
Scrolls
 c - 4 scrolls of remove curse
 e - a scroll of identify
 f - a scroll of blinking
 i - 2 scrolls of teleportation {unknown}
 n - a scroll of amnesia {unknown}


   Skills:
 + Level 4.7(9.7) Fighting
 * Level 5.0(10.0) Long Blades
 + Level 3.9(8.9) Dodging
 - Level 1.5(6.5) Stealth


You had 6 spell levels left.
You didn't know any spells.

Dungeon Overview and Level Annotations

Branches:
Dungeon (6/15)             Temple (1/1) D:6

Altars:
Ashenzari
Dithmenos
Fedhas
Gozag
Hepliaklqana
Kikubaaqudgha
Nemelex Xobeh
Okawaru
Qazlal
Sif Muna
Uskayaw
Wu Jian
Xom
Zin

Shops:
D:6 ::


Innate Abilities, Weirdness & Mutations

You do not eat or drink.
Your flesh is vulnerable to fire.
You are immune to poison.
Your flesh is cold resistant. (rC+)
You are immune to negative energy. (rN+++)
You are immune to unholy pain and torment.
You can survive without breathing.


Message History

The mummy is moderately damaged.
You slash the mummy!
You destroy the mummy!
Okawaru accepts your kill.
You start resting.
You feel like a meek peon again.
You start resting.
An arrow hits the mummy!
You gain the combat prowess of a mighty hero.
You hit the mummy but do no damage.
The mummy is moderately damaged.
You barely miss the mummy.
The mummy is moderately damaged.
The mummy hits you but does no damage.
You slash the mummy!
The mummy is severely damaged.
You hit the mummy.
The mummy is almost destroyed.
The mummy hits you!
You die...

#########
+#+#+#+#+#.......###
^.^..^..(..........##
.^.M^(....^.........#
^..M^...(...∩^∩M@...#
..^.^^....^^^.......#
......^............##
+#+#+#+#+#.......###
#########


You could see a mummy.

Vanquished Creatures
  A centaur (D:5)
  A bullfrog (D:6)
  2 crimson imps (D:5)
  An orc priest (D:5)
  An orc wizard (D:3)
  A worker ant (D:5)
  A hound skeleton (D:5)
  5 mummies (Ossuary)
  Robin (D:6)
  3 gnolls (D:4)
  3 adders
  3 worms
  A dart slug (D:3)
  A leopard gecko (D:3)
  9 orcs
  9 bats
  3 giant cockroaches
  12 goblins
  3 hobgoblins
  16 jackals
  10 kobolds
  2 quokkas
  5 frilled lizards
  7 rats
101 creatures vanquished.

Notes
Turn   | Place    | Note
-------+----------+-------------------------------------------
     0 | D:1      | Alarkh the Mummy Monk began the quest for the Orb.
     0 | D:1      | Reached XP level 1. HP: 18/18 MP: 1/1
   598 | D:1      | Reached XP level 2. HP: 22/24 MP: 2/2
  1386 | D:2      | Reached skill level 3 in Long Blades
  1430 | D:2      | Reached XP level 3. HP: 27/29 MP: 3/3
  1762 | D:2      | Found a shadowy altar of Dithmenos.
  2412 | D:3      | Noticed Robin
  2426 | D:3      | Reached XP level 4. HP: 26/35 MP: 4/4
  4135 | D:4      | Reached XP level 5. HP: 42/42 MP: 5/5
  4425 | D:4      | Reached skill level 4 in Long Blades
  4749 | D:5      | Entered Level 5 of the Dungeon
  5041 | D:5      | Reached XP level 6. HP: 47/48 MP: 6/6
  5322 | D:6      | Found Qaxyaggaext's Book Shop.
  5350 | D:6      | Found an ornate altar of the Wu Jian Council.
  5351 | D:6      | Found a blossoming altar of Fedhas.
  5355 | D:6      | Found a stormy altar of Qazlal.
  5370 | D:6      | Found a shattered altar of Ashenzari.
  5428 | D:6      | Killed Robin
  5434 | D:6      | Found Yngey's Book Emporium.
  5520 | D:6      | Reached skill level 5 in Long Blades
  5538 | D:6      | Found a staircase to the Ecumenical Temple.
  5544 | Temple   | Entered the Ecumenical Temple
  5616 | Temple   | Became a worshipper of Warmaster Okawaru
  5616 | Temple   | Reached * piety under Okawaru
  5616 | Temple   | Reached ** piety under Okawaru
  5705 | D:6      | Found a sand-covered staircase.
  5712 | Ossuary  | Entered an ossuary
  5753 | Ossuary  | Reached XP level 7. HP: 9/55 MP: 5/7
  5808 | Ossuary  | Slain by a mummy

Vault maps used:
D:1:      onia_arrival_pyramid, minmay_tetromino_s2
D:2:      marbit_many_paths, first_bread, corexii_item_surrounded_by_moat
D:3:      uniq_robin
D:4:      minmay_misc_feat_columns
D:5:      lemuel_crystal_altar, serial_shops, nicolae_shop_behind_doors,
          minivault_14
D:6:      old_standard_altar, minitemple, minmay_temple_entry_crystal_x,
          enter_ossuary_4, serial_shops, shop, shop, hangedman_decor_riveting,
          serial_bayou_lagoon_a
Temple:   compressed_dpeg_triangle_lava_temple
Ossuary:  ossuary_the_hunt_dpeg

Skill      XL: |  1  2  3  4  5  6 |
---------------+-------------------+-----
Long Blades    | 3 4 5 |  5.0
Dodging        | 3 |  3.9
Fighting       | 4 |  4.7
Stealth        | |  1.5

Action                   |  1- 3 |  4- 6 |  7- 9 || total
-------------------------+-------+-------+-------++-------
Melee: Falchion          |   158 |   118 |       ||   276
       Long sword        |       |   106 |     7 ||   113
Invok: Heroism           |       |     2 |     2 ||     4
 Abil: Evoke Flight      |     1 |       |       ||     1
  Use: Scroll            |     3 |     3 |       ||     6
 Stab: Sleeping          |     9 |     5 |       ||    14
       Held in net/web   |       |       |     1 ||     1
Armor: Robe              |    67 |    88 |     1 ||   156
Dodge: Dodged            |   141 |   162 |       ||   303
       Rpst.: Falchion   |    44 |    23 |       ||    67
       Long sword        |       |    23 |       ||    23
